Map: Port Aleksander LE

Players

IIIIIIIIIIII

  • Race: Protoss Protoss
  • League: Grandmaster
  • Spawn Location: 11:00

RexRequired - Winner!

  • Race: Terran Terran
  • Spawn Location: 5:00

VOD

Have the link to the VOD?

Description

Time

  • Played on: April 22, 2019, 9:56 p.m.
  • Length: 9:43
Show
View Real Time Build Order
Export as new Build Order

IIIIIIIIIIII Protoss 

Build Orders: 1 Gate Expand, Zealot Archon 

Get SALT Encoding   

  12  0:01  Probe  
  13  0:13  Probe  
  14  0:20  Pylon  
  14  0:25  Probe  
  15  0:29  Assimilator  
  15  0:36  Probe  
  16  0:45  Probe  
  16  0:48  Gateway  
  17  0:53  Probe  
  18  1:05  Probe  
  19  1:18  Probe  
  20  1:26  Nexus  
  20  1:35  Cybernetics Core  
  20  1:38  Probe  
  21  1:43  Assimilator  
  21  1:50  Pylon  
  21  1:53  Probe  
  22  2:02  Probe  
  23  2:10  Probe  
  23  2:11  Adept  
  23  2:12  Warp Gate  
  26  2:24  Probe  
  26  2:26  Robotics Facility  
  27  2:32  Probe  
  28  2:41  Probe  
  28  2:43  Probe  
  29  2:44  Twilight Council  
  29  2:50  Stalker, Probe  
  32  2:58  Probe  
  34  2:59  Probe  
  35  3:08  Pylon  
  35  3:10  Charge, Probe  
  36  3:13  Probe  
  36  3:19  Observer  
  38  3:26  Gateway  
  38  3:28  Gateway  
  38  3:33  Gateway  
  38  3:35  Probe  
  38  3:37  Probe  
  40  3:44  Warp Prism  
  42  3:52  Probe  
  43  3:57  Pylon  
  43  4:01  Stalker  
  45  4:04  Shield Battery  
  45  4:07  Probe  
  46  4:13  Probe  
  47  4:20  Shield Battery  
  47  4:21  Observer  
  47  4:24  Zealot x3  
  50  4:27  Zealot  
  56  4:33  Probe x2  
  56  4:37  Assimilator, Forge  
  57  4:52  Pylon  
  57  4:59  Zealot  
  58  5:00  Zealot x2  
  58  5:05  Protoss Ground Armor Level 1  
  56  5:19  Probe  
  49  5:22  Probe  
  49  5:25  Templar Archives  
  50  5:31  Pylon  
  50  5:32  Warp Prism  
  50  5:33  Assimilator  
  52  5:41  Probe  
  53  5:44  Probe  
  53  5:46  Blink  
  54  5:50  Gateway  
  54  5:52  Gateway x2  
  54  5:57  Gateway, Probe  
  55  6:10  Psionic Storm  
  55  6:13  High Templar x2  
  59  6:21  Nexus  
  59  6:23  Pylon  
  59  6:31  Immortal  
  63  6:34  Sentry  
  63  6:35  Zealot  
  67  6:40  Pylon  
  67  6:41  Pylon  
  67  6:51  Zealot x3  
  73  6:58  Zealot x4  
  81  7:12  Zealot x4  
  81  7:22  Zealot x3  
  85  7:29  Zealot  
  79  7:32  Pylon  
  79  7:34  Pylon  
  79  7:35  High Templar x2  
  79  7:36  High Templar  
  85  7:38  High Templar  
  85  7:43  Archon x2  
  79  7:55  Zealot x4  
  67  8:06  Archon  
  67  8:08  Zealot x2  
  65  8:13  Probe x2  
  65  8:19  High Templar  
  69  8:20  High Templar  
  71  8:31  Nexus  
  71  8:38  High Templar x2  
  71  8:39  Zealot x3  
  81  8:43  Observer  
  81  8:53  Pylon  
  81  8:57  Zealot x3  
  85  9:10  Zealot x4  
  65  9:25  Archon  
  65  9:29  Zealot x4  
Show
View Real Time Build Order
Export as new Build Order

RexRequired Terran - Winner!

Build Orders: Reaper Expand 

Get SALT Encoding   

  12  0:01  SCV  
  13  0:13  SCV  
  14  0:18  Supply Depot  
  14  0:25  SCV  
  15  0:39  SCV  
  15  0:42  Barracks  
  16  0:45  Refinery  
  16  0:51  SCV  
  17  1:04  SCV  
  18  1:16  SCV  
  19  1:30  Orbital Command, Reaper  
  20  1:44  Command Center  
  20  1:54  Supply Depot  
  20  1:56  SCV  
  21  2:02  Marine  
  21  2:08  SCV  
  23  2:12  Factory  
  23  2:19  Refinery  
  23  2:20  SCV  
  24  2:24  Barracks Reactor  
  24  2:32  SCV  
  25  2:44  SCV  
  26  2:56  Starport  
  26  2:57  Widow Mine  
  28  2:58  Orbital Command  
  28  3:00  SCV  
  28  3:01  Marine x2  
  31  3:12  SCV  
  32  3:19  Marine x2, Factory Tech Lab  
  34  3:24  SCV  
  34  3:26  SCV  
  36  3:28  Supply Depot  
  36  3:34  Barracks  
  36  3:36  Marine  
  36  3:37  Marine  
  38  3:41  Barracks  
  38  3:43  SCV  
  38  3:44  Factory Tech Lab, SCV  
  40  3:50  Raven  
  40  3:54  Marine x2  
  40  3:55  SCV  
  45  3:59  SCV  
  45  4:02  Supply Depot  
  46  4:06  Siege Tank  
  46  4:08  SCV  
  50  4:11  SCV  
  50  4:13  Refinery  
  50  4:14  Marine  
  50  4:16  Marine  
  53  4:21  Supply Depot  
  53  4:23  SCV  
  54  4:25  SCV  
  54  4:26  Marine  
  56  4:35  SCV  
  56  4:36  Engineering Bay  
  56  4:37  SCV  
  58  4:47  SCV  
  58  4:49  Marine, Stimpack  
  58  4:50  Marine x2  
  58  4:51  SCV  
  63  4:53  Factory Reactor  
  63  4:54  Starport Reactor  
  63  4:55  Marine  
  65  5:00  SCV  
  65  5:05  SCV  
  66  5:07  Marine  
  66  5:08  Marine x2  
  66  5:13  Marine  
  66  5:14  SCV  
  66  5:18  SCV  
  66  5:21  Supply Depot  
  64  5:25  Marine  
  64  5:26  Marine x2, SCV  
  64  5:27  Terran Infantry Weapons Level 1  
  68  5:29  Refinery, Supply Depot  
  68  5:31  Widow Mine  
  70  5:41  Supply Depot  
  70  5:42  Combat Shield, Marine  
  70  5:43  Widow Mine  
  70  5:48  Marine x3  
  70  5:49  Medivac  
  78  5:51  Medivac  
  78  5:53  Supply Depot  
  78  5:54  SCV  
  78  5:55  SCV  
  82  5:57  Widow Mine  
  84  6:04  Widow Mine  
  84  6:06  SCV  
  84  6:08  Supply Depot  
  84  6:11  Marine x4  
  91  6:25  SCV x2  
  93  6:26  Command Center  
  93  6:29  Widow Mine  
  93  6:30  Widow Mine  
  93  6:31  Marine  
  98  6:34  Marine  
  98  6:37  Marine x2  
  101  6:41  Medivac  
  101  6:42  Medivac  
  105  6:50  Ghost Academy  
  104  6:55  Concussive Shells  
  104  6:56  Marine x2, Marauder x2  
  110  7:01  Supply Depot  
  110  7:15  Marine x2  
  107  7:17  Widow Mine  
  107  7:18  Marauder  
  110  7:23  Widow Mine, SCV x2, Marauder  
  114  7:32  Supply Depot x2  
  114  7:35  SCV  
  114  7:36  Marine  
  114  7:38  Widow Mine  
  114  7:39  SCV, Marauder  
  117  7:47  Marine  
  117  7:48  Marauder  
  117  7:50  Widow Mine  
  122  7:51  Medivac  
  122  7:58  Medivac  
  122  8:01  Marauder  
  122  8:05  Widow Mine  
  113  8:10  Marine x2, Marauder  
  113  8:11  SCV  
  106  8:22  Marauder  
  106  8:23  SCV, Widow Mine  
  106  8:25  SCV  
  106  8:26  Widow Mine  
  114  8:27  Marine  
  115  8:35  SCV  
  115  8:36  Marauder  
  115  8:37  SCV  
  119  8:43  Marauder  
  119  8:46  Orbital Command  
  119  8:54  Barracks, SCV  
  120  8:57  Barracks  
  120  9:01  Ghost  
  122  9:03  Widow Mine  
  122  9:04  Ghost  
  122  9:07  Widow Mine  
  118  9:24  Marine  
  118  9:30  SCV  
Tags
 
Add a new tag
Caveats
  • Supply blocks, unpowered buildings, or Contaminate may cause inaccurate times.
  • Supply counts are checked every 10 seconds.